[ AOE2 MATCH · #513880518 ]
UnrankedMalians vs Persians
Player's team · WIN
Rival team · LOSS
[ REPLAY ANALYSIS · EXTRACTED FROM THE RECORDED GAME ]
Feudal
13:17
Castle
24:04
Imperial
—
| APM avg | 54.0 |
| APM peak | 96 |
| eAPM avg | 23.5 |
| Villagers / military | 67 / 50 |
Focus
⚔️ 34.5% · 🌾 65.5%
Skirmisher ×14 · Knight ×9 · Monk ×6 · Camel Scout ×6 · Scout Cavalry ×6 · Mangonel ×5
Feudal
12:09
Castle
25:45
Imperial
—
| APM avg | 55.7 |
| APM peak | 85 |
| eAPM avg | 28.4 |
| Villagers / military | 67 / 41 |
Focus
⚔️ 32.7% · 🌾 67.3%
Archer ×12 · Skirmisher ×8 · Camel Scout ×8 · Scout Cavalry ×4 · Monk ×3 · Mangonel ×3
Match map
Initial resources + every placement click. Lines = walls · curves = elevation contours. ◆ gold · ⬟ stone · ● berries · ✦ relic · ◌ wall gap
Your base· Open — 5t gap
avlid's base· Open — 5t gap
Smoothed initial terrain · ◌ = detected wall gap · hover for details
Inputs per minute
— T90Official - - avlid
Build order — T90Official
First 150 of 210 actions detected
| 0:00 | Queue | Villager (Male) |
| 0:00 | Queue | Villager (Male) |
| 0:01 | Build | House |
| 0:02 | Build | House |
| 0:07 | Queue | Villager (Male) |
| 0:13 | Queue | Villager (Male) |
| 1:15 | Build | Palisade Gate |
| 1:27 | Queue | Villager (Male) |
| 1:45 | Research | Loom |
| 2:19 | Queue | Villager (Male) |
| 2:25 | Queue | Villager (Male) |
| 2:45 | Queue | Villager (Male) |
| 3:00 | Queue | Villager (Male) |
| 3:06 | Build | Mill |
| 4:00 | Queue | Villager (Male) |
| 4:01 | Build | House |
| 4:23 | Queue | Villager (Male) |
| 4:28 | Queue | Villager (Male) |
| 4:41 | Build | House |
| 4:52 | Queue | Villager (Male) |
| 5:05 | Build | Mill |
| 5:30 | Queue | Villager (Male) |
| 5:53 | Queue | Villager (Male) |
| 6:16 | Queue | Villager (Male) |
| 7:03 | Queue | Villager (Male) |
| 7:05 | Build | Lumber Camp |
| 7:28 | Queue | Villager (Male) |
| 7:45 | Build | Palisade Wall |
| 7:56 | Queue | Villager (Male) |
| 8:06 | Build | House |
| 8:09 | Queue | Villager (Male) |
| 8:43 | Build | Farm |
| 8:53 | Build | Farm |
| 8:54 | Queue | Villager (Male) |
| 8:59 | Build | Farm |
| 9:06 | Queue | Villager (Male) |
| 9:18 | Queue | Villager (Male) |
| 9:25 | Build | Farm |
| 9:46 | Build | Farm |
| 10:11 | Queue | Villager (Male) |
| 10:12 | Build | Farm |
| 10:26 | Build | Farm |
| 10:34 | Queue | Villager (Male) |
| 11:08 | Research | Feudal Age |
| 11:08 | Research | Feudal Age |
| 11:11 | Build | Mining Camp |
| 11:18 | Build | House |
| 11:39 | Queue | Villager (Male) |
| 11:41 | Build | House |
| 12:12 | Build | Barracks |
| 12:22 | Build | Outpost |
| 12:47 | Build | Palisade Wall |
| 12:48 | Build | Palisade Wall |
| 13:01 | Build | House |
| 13:17 | Queue | Villager (Male) |
| 13:17 | Age | Feudal Age |
| 13:21 | Build | Archery Range |
| 13:28 | Research | Double-Bit Axe |
| 13:34 | Build | Palisade Wall |
| 13:50 | Build | House |
| 13:51 | Build | Palisade Wall |
| 13:52 | Queue | Archer |
| 13:54 | Queue | Villager (Male) |
| 14:03 | Build | House |
| 14:04 | Build | Palisade Wall |
| 14:06 | Queue | Villager (Male) |
| 14:08 | Queue | Archer |
| 14:28 | Queue | Villager (Male) |
| 14:38 | Build | Blacksmith |
| 14:46 | Queue | Villager (Male) |
| 14:56 | Queue | Skirmisher |
| 14:59 | Build | Farm |
| 15:03 | Build | Palisade Wall |
| 15:19 | Research | Fletching |
| 15:20 | Research | Padded Archer Armor |
| 15:21 | Queue | Skirmisher |
| 15:22 | Queue | Villager (Male) |
| 15:24 | Build | Farm |
| 15:36 | Build | Palisade Wall |
| 15:41 | Queue | Villager (Male) |
| 15:43 | Build | Farm |
| 15:54 | Queue | Skirmisher |
| 15:55 | Queue | Skirmisher |
| 16:02 | Queue | Villager (Male) |
| 16:15 | Build | Lumber Camp |
| 16:16 | Queue | Villager (Male) |
| 16:19 | Queue | Skirmisher |
| 16:39 | Queue | Villager (Male) |
| 16:41 | Build | Farm |
| 16:43 | Build | House |
| 16:50 | Research | Horse Collar |
| 16:55 | Queue | Villager (Male) |
| 17:07 | Build | Farm |
| 17:11 | Queue | Skirmisher |
| 17:33 | Queue | Villager (Male) |
| 17:35 | Build | Farm |
| 17:36 | Build | Farm |
| 17:37 | Build | Farm |
| 17:50 | Queue | Villager (Male) |
| 17:51 | Build | Farm |
| 17:52 | Build | Farm |
| 18:03 | Queue | Villager (Male) |
| 18:04 | Build | Farm |
| 18:04 | Build | Farm |
| 18:08 | Queue | Skirmisher |
| 18:08 | Queue | Skirmisher |
| 18:13 | Build | House |
| 18:14 | Build | Palisade Wall |
| 18:18 | Queue | Villager (Male) |
| 18:19 | Build | Farm |
| 18:21 | Build | Farm |
| 18:27 | Queue | Skirmisher |
| 18:39 | Queue | Skirmisher |
| 18:41 | Queue | Villager (Male) |
| 18:43 | Build | Farm |
| 18:50 | Build | Farm |
| 19:04 | Research | Wheelbarrow |
| 19:13 | Build | Palisade Gate |
| 19:27 | Build | Lumber Camp |
| 19:30 | Queue | Skirmisher |
| 19:38 | Build | Farm |
| 19:49 | Build | Farm |
| 20:19 | Queue | Villager (Male) |
| 20:22 | Build | Market |
| 20:40 | Build | Stable |
| 20:59 | Build | Lumber Camp |
| 21:07 | Queue | Skirmisher |
| 21:13 | Queue | Spearman |
| 21:24 | Research | Castle Age |
| 21:32 | Queue | Skirmisher |
| 21:38 | Queue | Spearman |
| 21:41 | Queue | Scout Cavalry |
| 21:51 | Research | Scale Barding Armor |
| 21:57 | Build | Stable |
| 22:11 | Queue | Skirmisher |
| 22:12 | Build | Farm |
| 22:25 | Queue | Scout Cavalry |
| 22:25 | Queue | Scout Cavalry |
| 22:25 | Queue | Scout Cavalry |
| 22:50 | Build | Farm |
| 22:54 | Queue | Scout Cavalry |
| 22:54 | Queue | Scout Cavalry |
| 23:02 | Queue | Villager (Male) |
| 23:06 | Build | House |
| 23:08 | Build | House |
| 23:13 | Research | Bloodlines |
| 23:19 | Build | Farm |
| 23:25 | Build | Farm |
| 23:34 | Build | House |
| 23:34 | Build | House |
Build order — avlid
First 150 of 192 actions detected
| 0:00 | Queue | Villager (Male) |
| 0:01 | Queue | Villager (Male) |
| 0:02 | Build | House |
| 0:02 | Build | House |
| 0:12 | Research | Loom |
| 0:36 | Queue | Villager (Male) |
| 0:37 | Queue | Villager (Male) |
| 0:37 | Queue | Villager (Male) |
| 0:57 | Queue | Villager (Male) |
| 1:30 | Build | House |
| 1:47 | Queue | Villager (Male) |
| 1:47 | Queue | Villager (Male) |
| 2:22 | Build | Lumber Camp |
| 2:31 | Queue | Villager (Male) |
| 2:31 | Queue | Villager (Male) |
| 2:59 | Queue | Villager (Male) |
| 3:07 | Build | House |
| 3:28 | Queue | Villager (Male) |
| 3:28 | Queue | Villager (Male) |
| 4:20 | Queue | Villager (Male) |
| 4:25 | Queue | Villager (Male) |
| 4:50 | Build | Mill |
| 5:06 | Queue | Villager (Male) |
| 5:23 | Build | House |
| 5:34 | Queue | Villager (Male) |
| 5:49 | Build | Palisade Gate |
| 5:53 | Queue | Villager (Male) |
| 6:21 | Queue | Villager (Male) |
| 6:44 | Queue | Villager (Male) |
| 7:08 | Queue | Villager (Male) |
| 7:30 | Queue | Villager (Male) |
| 7:57 | Queue | Villager (Male) |
| 7:57 | Queue | Villager (Male) |
| 8:10 | Queue | Villager (Male) |
| 8:25 | Build | House |
| 8:53 | Queue | Villager (Male) |
| 8:55 | Build | Farm |
| 8:56 | Build | Farm |
| 8:59 | Build | Farm |
| 9:12 | Build | House |
| 9:47 | Build | Farm |
| 10:05 | Research | Feudal Age |
| 10:18 | Build | Palisade Wall |
| 10:43 | Build | Barracks |
| 11:25 | Build | House |
| 11:58 | Queue | Villager (Male) |
| 12:09 | Age | Feudal Age |
| 12:11 | Build | Archery Range |
| 12:18 | Build | House |
| 12:31 | Queue | Villager (Male) |
| 12:39 | Build | Palisade Wall |
| 12:53 | Queue | Archer |
| 12:57 | Queue | Villager (Male) |
| 12:57 | Queue | Villager (Male) |
| 13:08 | Queue | Archer |
| 13:10 | Queue | Villager (Male) |
| 13:17 | Build | Mining Camp |
| 13:26 | Build | Farm |
| 13:27 | Queue | Villager (Male) |
| 13:31 | Queue | Archer |
| 13:44 | Build | House |
| 13:47 | Research | Town Watch |
| 13:48 | Research | Double-Bit Axe |
| 13:48 | Research | Double-Bit Axe |
| 14:07 | Build | Farm |
| 14:16 | Queue | Skirmisher |
| 14:21 | Queue | Villager (Male) |
| 14:37 | Build | Blacksmith |
| 14:46 | Queue | Villager (Male) |
| 15:12 | Queue | Archer |
| 15:13 | Queue | Villager (Male) |
| 15:15 | Build | Farm |
| 15:18 | Build | House |
| 15:21 | Research | Horse Collar |
| 15:21 | Research | Horse Collar |
| 15:23 | Research | Fletching |
| 15:23 | Research | Fletching |
| 15:29 | Queue | Villager (Male) |
| 15:32 | Queue | Archer |
| 15:37 | Build | House |
| 15:46 | Build | House |
| 15:50 | Build | Palisade Wall |
| 15:51 | Build | Palisade Wall |
| 16:02 | Queue | Skirmisher |
| 16:03 | Research | Padded Archer Armor |
| 16:09 | Build | Farm |
| 16:13 | Build | Farm |
| 16:17 | Build | Farm |
| 16:29 | Build | Lumber Camp |
| 16:35 | Queue | Skirmisher |
| 16:36 | Queue | Villager (Male) |
| 16:36 | Queue | Villager (Male) |
| 16:53 | Build | House |
| 16:55 | Build | House |
| 16:59 | Build | House |
| 17:01 | Build | House |
| 17:04 | Queue | Skirmisher |
| 17:07 | Queue | Villager (Male) |
| 17:30 | Queue | Villager (Male) |
| 17:37 | Queue | Skirmisher |
| 17:51 | Build | Farm |
| 17:53 | Queue | Skirmisher |
| 18:02 | Queue | Skirmisher |
| 18:10 | Queue | Villager (Male) |
| 18:20 | Queue | Villager (Male) |
| 18:23 | Build | Market |
| 18:24 | Build | Palisade Wall |
| 18:33 | Queue | Skirmisher |
| 18:43 | Build | Stable |
| 18:45 | Queue | Villager (Male) |
| 18:50 | Build | Farm |
| 18:50 | Build | Farm |
| 19:02 | Build | Mining Camp |
| 19:14 | Queue | Villager (Male) |
| 19:17 | Build | Farm |
| 19:26 | Queue | Scout Cavalry |
| 19:28 | Queue | Archer |
| 19:28 | Queue | Archer |
| 19:36 | Queue | Villager (Male) |
| 19:38 | Build | Farm |
| 19:44 | Build | Farm |
| 19:46 | Build | Palisade Wall |
| 19:57 | Queue | Scout Cavalry |
| 20:02 | Queue | Villager (Male) |
| 20:16 | Queue | Villager (Male) |
| 20:16 | Queue | Villager (Male) |
| 20:21 | Queue | Archer |
| 20:28 | Build | Mining Camp |
| 20:39 | Queue | Scout Cavalry |
| 20:40 | Queue | Archer |
| 20:42 | Queue | Villager (Male) |
| 20:57 | Queue | Villager (Male) |
| 21:01 | Queue | Archer |
| 21:07 | Queue | Scout Cavalry |
| 21:19 | Queue | Villager (Male) |
| 21:56 | Queue | Villager (Male) |
| 22:01 | Queue | Archer |
| 22:01 | Queue | Archer |
| 22:31 | Queue | Villager (Male) |
| 22:31 | Queue | Villager (Male) |
| 23:20 | Research | Castle Age |
| 23:48 | Queue | Spearman |
| 23:57 | Research | Bloodlines |
| 24:11 | Build | Watch Tower |
| 24:14 | Queue | Spearman |
| 24:40 | Build | Stable |
| 25:17 | Research | Gold Mining |
| 25:45 | Age | Castle Age |
| 25:47 | Queue | Camel Scout |
| 25:48 | Queue | Camel Scout |
Match timeline
| 7:45 | T90Official · wall_segment Palisade Wall x1 |
| 10:18 | avlid · wall_segment Palisade Wall x1 |
| 10:43 | avlid · first_building Barracks |
| 12:09 | avlid · age_up feudal |
| 12:11 | avlid · first_building Archery Range |
| 12:12 | T90Official · first_building Barracks |
| 12:39 | avlid · wall_segment Palisade Wall x1 |
| 12:47 | T90Official · wall_segment Palisade Wall x1 |
| 12:48 | T90Official · wall_segment Palisade Wall x1 |
| 13:17 | T90Official · age_up feudal |
| 13:21 | T90Official · first_building Archery Range |
| 13:34 | T90Official · wall_segment Palisade Wall x6 |
| 13:51 | T90Official · wall_segment Palisade Wall x1 |
| 14:04 | T90Official · wall_segment Palisade Wall x2 |
| 15:03 | T90Official · wall_segment Palisade Wall x4 |
| 15:36 | T90Official · wall_segment Palisade Wall x10 |
| 15:50 | avlid · wall_segment Palisade Wall x1 |
| 15:51 | avlid · wall_segment Palisade Wall x1 |
| 18:14 | T90Official · wall_segment Palisade Wall x1 |
| 18:24 | avlid · wall_segment Palisade Wall x1 |
| 18:43 | avlid · first_building Stable |
| 19:46 | avlid · wall_segment Palisade Wall x4 |
| 19:55 | avlid · first_market_sell 500 wood |
| 19:56 | avlid · first_market_buy 100 food |
| 20:40 | T90Official · first_building Stable |
| 21:40 | T90Official · first_market_buy 100 food |
| 24:04 | T90Official · age_up castle |
| 24:12 | T90Official · first_building Monastery |
| 25:45 | avlid · age_up castle |
| 25:49 | avlid · first_building Monastery |
| 26:09 | avlid · wall_segment Palisade Wall x1 |
| 26:11 | avlid · wall_segment Palisade Wall x1 |
| 26:13 | avlid · wall_segment Palisade Wall x1 |
| 26:14 | T90Official · first_building Siege Workshop |
| 26:15 | avlid · wall_segment Palisade Wall x1 |
| 26:49 | T90Official · first_market_sell 100 food |
| 27:33 | avlid · first_building Siege Workshop |
| 30:26 | avlid · resign |
[ AI ANALYSIS · 1 CREDIT ]
What really happened in this match?
Wolo.gg analyzes every decision: build order, eco, micro, common mistakes by bracket. Personalized analysis on WhatsApp or Discord in 30 seconds.
Civ guide
Malians
Perfil
Jugador #197930